 Dungeon Crawl Stone Soup version 0.15.0-27-gbdb0435 (console) character file.

7110 gw the Grappler (level 10, -10/98 HPs)
             Began as a Troll Monk on Sept 11, 2014.
             Was an Elder of Qazlal.
             Mangled by gw's ghost (13 damage)
             ... on Level 10 of the Dungeon.
             The game lasted 00:06:37 (9063 turns).

gw the Grappler (Troll Monk)                        Turns: 9063, Time: 00:06:37

HP -10/98        AC 10     Str 21      XL: 10   Next: 85%
MP  18/18        EV 14     Int  6      God: Qazlal [****..]
Gold 0           SH  5     Dex 21      Spells:  0 memorised,  9 levels left

rFire  + + .     SeeInvis .       - Unarmed
rCold  . . .     Clarity  .     F - +2 robe {rF+}
rNeg   . . .     rCorr    +     (shield restricted)
rPois  .         rRot     .     h - +2 hat
rElec  .         Spirit   .     E - +0 cloak
SustAb .         Warding  .     (gloves unavailable)
rMut   .         Stasis   .     (boots unavailable)
Gourm  +                        s - amulet of resist corrosion
MR     .....                    C - +6 ring of dexterity
                                q - ring of protection from fire

@: very slightly contaminated, hasted, repel missiles, drained, very quick, not
resistant to hostile enchantments, very unstealthy
A: unfitting armour, claws 3, fast metabolism 3, gourmand, regeneration 2,
saprovore 2, shaggy fur 1, tough skin 2
a: Upheaval, Elemental Force, Renounce Religion


You were on level 10 of the Dungeon.
You worshipped Qazlal.
Qazlal was greatly pleased with you.
You were completely stuffed.

You visited 2 branches of the dungeon, and saw 11 of its levels.

Inventory:

Missiles
 d - 304 stones
 x - 3 javelins (quivered)
Armour
 h - a +2 hat (worn)
 E - a +0 cloak (worn)
 F - a +2 robe of fire resistance (worn)
Magical devices
 e - a wand of fire (0)
 t - a wand of random effects (6)
 D - a wand of flame (6)
Comestibles
 a - a chunk of orc flesh
 b - 6 meat rations
 f - 5 beef jerkies
 i - 8 fruits
 k - a slice of pizza
 l - 7 bread rations
 A - a royal jelly
Scrolls
 c - 6 scrolls of identify
 j - 7 scrolls of remove curse
 v - a scroll of blinking
 z - a scroll of recharging
Jewellery
 q - a ring of protection from fire (left claw)
 s - an amulet of resist corrosion (around neck)
 C - a +6 ring of dexterity (right claw)
Potions
 g - 6 potions of curing
 m - a potion of resistance
 o - 2 potions of heal wounds
 r - a potion of brilliance
 u - 3 potions of restore abilities


   Skills:
 + Level 6.1(5.4) Fighting
 + Level 6.1(5.3) Throwing
 + Level 6.3(5.6) Dodging
 - Level 1.1(0.5) Stealth
 + Level 8.7(7.9) Unarmed Combat
 * Level 8.3(7.5) Invocations


You had 9 spell levels left.
You didn't know any spells.

Dungeon Overview and Level Annotations

Branches:
Dungeon (10/15)            Temple (1/1) D:4             Orc (0/4) D:10
   Lair (0/8) D:8

Altars:
Ashenzari
Cheibriados
Dithmenos
Elyvilon
Fedhas
Kikubaaqudgha
Makhleb
Nemelex Xobeh
Okawaru
Qazlal
Sif Muna
Trog
Vehumet
Xom
Yredelemnul
Zin
The Shining One

Shops:
D:5 *   D:6 (

Annotations:
D:10 Nergalle; gw's ghost, experienced TrMo


Innate Abilities, Weirdness & Mutations

You are too large for most types of armour.
You have claws for hands.
Your metabolism is lightning-fast.
You like to eat raw meat.
You heal very quickly.
You can eat rotten meat.
You are covered in fur (AC +1).
You have very tough skin (AC +2).


Message History

Orcish apparitions take form around you.
Something hits you!!
ATTACK MOVE TO (-1,0)
You closely miss something. Something hits you!!
Drink which item? (? for menu, Esc to quit)
You feel much better.
ATTACK MOVE TO (-1,0)
You scratch something but do no damage. Something closely misses you.
Nergalle shouts, "Kill, kill, my pretties!"
ATTACK MOVE TO (-1,0)
You claw something!
ATTACK MOVE TO (-1,0)
You scratch something. Your punch misses something. Something hits you!
ATTACK MOVE TO (-1,0)
You completely miss something.
ATTACK MOVE TO (-1,0)
You claw something!
Nergalle gestures at you while chanting.
The bolt of negative energy hits you!
You feel drained. Something hits you!
You die...

.. .... #. ... #.## ...
#.(## .. ### ##>.# ##.##....
########'#### #........
#........%..# #.........
#..........Z#######.........
#..........Z'T)).)o........#
#...........#######........
#....[......# #........ .
#...........# #........ .
#..........ยค# #...<... .
...(.......# #......
...(.......# #.....
.....(.....# #....
.(....(...# .


You could see Nergalle and 2 spectral orcs.

Table legend:
 A = Turns spent in this place as a percentage of turns spent in the entire game.
 B = Non-inter-level travel turns spent in this place as a percentage of non-inter-level travel turns spent in the entire game.
 C = Inter-level travel turns spent in this place as a percentage of turns spent in this place.
 D = Turns resting spent in this place as a percentage of non-inter-level travel turns spent in this place.
 E = Turns spent auto-exploring this place as a percentage of non-inter-level travel turns spent in this place.
 F = Non-inter-level travel turns spent in this place divided by the number of levels of this place that you've seen.
                   A       B       C       D       E      F
               +-------+-------+-------+-------+-------+----------------------
         Total | 100.0 | 100.0 |   3.2 |   2.8 |  10.5 | 333.6
       Dungeon |  97.7 |  97.6 |   3.2 |   2.9 |  10.4 | 358.3
        Temple |   2.3 |   2.4 |   1.1 |   0.0 |  17.2 |  87.0
               +-------+-------+-------+-------+-------+----------------------

Table legend:
 A = Kills in this place as a percentage of kills in entire the game.
 B = Kills by you in this place as a percentage of kills by you in the entire game.
 C = Kills by friends in this place as a percentage of kills by friends in the entire game.
 D = Other kills in this place as a percentage of other kills in the entire game.
 E = Experience gained in this place as a percentage of experience gained in the entire game.
 F = Experience gained in this place divided by the number of levels of this place that you have seen.
                   A       B       C       D       E      F
               +-------+-------+-------+-------+-------+----------------------
         Total | 100.0 | 100.0 |  -nan |  -nan | 100.0 | 923.5
       Dungeon | 100.0 | 100.0 |  -nan |  -nan | 100.0 | 1015.8
               +-------+-------+-------+-------+-------+----------------------

Vanquished Creatures
  The ghost of gw the Grappler, an experienced TrMo of Qazlal (D:8)
  A hill giant (D:10)
  Psyche (D:10)
  2 komodo dragons (D:8)
  The ghost of zoltan2357 the Ruffian, an average VSMo (D:3)
  A spriggan (D:8)
  A wraith (D:10)
  A hungry ghost (D:10)
  Eustachio (D:10)
  A human (D:10)
  A wyvern (D:9)
  2 hippogriffs (D:8)
  A warg (D:10)
  A swamp drake (D:8)
  3 ogres
  An orc warrior (D:10)
  3 sky beasts
  A centaur (D:6)
  5 phantoms
  A crocodile (D:8)
  Sigmund (D:6)
  A big kobold (D:8)
  5 giant frogs
  A gnoll sergeant (D:6)
  6 killer bees (D:7)
  A scorpion (D:9)
  A yak zombie (D:10)
  A troll skeleton (D:8)
  4 wights (D:5)
  3 hounds
  A giant frog zombie (D:6)
  4 crimson imps
  5 orc priests
  A giant frog skeleton (D:8)
  A centaur skeleton (D:5)
  A black bear skeleton (D:6)
  10 orc wizards
  3 iguanas
  A kobold skeleton (D:10)
  9 worker ants
  A killer bee zombie (D:6)
  2 sheep (D:10)
  Jessica (D:3)
  6 gnolls (D:6)
  A scorpion zombie (D:5)
  10 adders
  A giant mite (D:7)
  An inept feature mimic (D:7)
  A shadow imp (D:3)
  An orc skeleton (D:6)
  8 giant geckos
  2 oozes
  35 orcs
  2 ball pythons
  5 giant cockroaches
  8 goblins
  15 hobgoblins
  12 jackals
  10 kobolds
  4 quokkas
  12 bats
  A giant mite zombie (D:5)
  A giant newt (D:3)
  A human zombie (D:3)
  An orc zombie (D:6)
  23 rats
255 creatures vanquished.

Notes
Turn   | Place    | Note
--------------------------------------------------------------
     0 | D:1      | gw, the Troll Monk, began the quest for the Orb.
     0 | D:1      | Reached XP level 1. HP: 22/22 MP: 1/1
   205 | D:1      | Reached XP level 2. HP: 29/29 MP: 1/1
   815 | D:2      | Reached XP level 3. HP: 32/36 MP: 2/2
   852 | D:2      | Reached skill level 1 in Throwing
   939 | D:2      | Found a shadowy altar of Dithmenos.
  1541 | D:3      | Reached XP level 4. HP: 40/44 MP: 2/2
  1619 | D:3      | Noticed Jessica
  1622 | D:3      | Killed Jessica
  1622 | D:3      | Reached skill level 5 in Unarmed Combat
  1717 | D:3      | Noticed zoltan2357's ghost (average VSMo)
  1753 | D:3      | Killed zoltan2357's ghost
  1753 | D:3      | Reached XP level 5. HP: 37/53 MP: 2/2
  2035 | D:3      | Reached XP level 6. HP: 61/61 MP: 3/3
  2524 | D:4      | Found a staircase to the Ecumenical Temple.
  2532 | Temple   | Entered the Ecumenical Temple
  2684 | Temple   | Became a worshipper of Qazlal Stormbringer
  2684 | Temple   | Acquired Qazlal's first power
  2684 | Temple   | Acquired Qazlal's second power
  3103 | D:4      | Reached skill level 1 in Invocations
  3302 | D:5      | Entered Level 5 of the Dungeon
  3369 | D:5      | Reached skill level 6 in Unarmed Combat
  3369 | D:5      | Reached XP level 7. HP: 67/67 MP: 4/4
  3625 | D:5      | Found Wided's Serpentskin Sales.
  4564 | D:6      | Noticed Sigmund
  4573 | D:6      | Killed Sigmund
  4573 | D:6      | Reached XP level 8. HP: 59/78 MP: 8/8
  4650 | D:6      | Acquired Qazlal's third power
  5063 | D:6      | Reached skill level 7 in Unarmed Combat
  5108 | D:6      | Found Wahetusu's Weapon Emporium.
  5160 | D:6      | Reached skill level 5 in Invocations
  5449 | D:6      | Reached XP level 9. HP: 85/85 MP: 12/12
  5848 | D:7      | Acquired Qazlal's fourth power
  5994 | D:7      | Reached skill level 5 in Dodging
  6890 | D:8      | Reached skill level 5 in Fighting
  7361 | D:8      | Noticed gw's ghost (experienced TrMo)
  7372 | D:8      | Killed gw's ghost
  7372 | D:8      | Reached skill level 5 in Throwing
  7430 | D:8      | Reached XP level 10. HP: 96/96 MP: 16/16
  7449 | D:8      | Noticed a komodo dragon
  7452 | D:8      | Reached skill level 8 in Unarmed Combat
  7454 | D:8      | Noticed a komodo dragon
  7465 | D:8      | Killed a komodo dragon
  7467 | D:8      | Killed a komodo dragon
  7597 | D:8      | Found a staircase to the Lair.
  8393 | D:9      | Found a basalt altar of Yredelemnul.
  8393 | D:9      | Found a glowing silver altar of Zin.
  8499 | D:9      | Identified a scroll of acquirement
  8541 | D:10     | Entered Level 10 of the Dungeon
  8541 | D:10     | Noticed Eustachio
  8552 | D:10     | Killed Eustachio
  8715 | D:10     | Noticed Psyche
  8723 | D:10     | Killed Psyche
  8791 | D:10     | Found a staircase to the Orcish Mines.
  8799 | D:10     | Noticed a hill giant
  8802 | D:10     | Noticed Nergalle
  8995 | D:10     | Killed a hill giant
  9028 | D:10     | Noticed gw's ghost (experienced TrMo)
  9063 | D:10     | HP: 3/98 [Nergalle/bolt of negative energy (37)]
  9063 | D:10     | Mangled by gw's ghost

Action                   |  1- 3 |  4- 6 |  7- 9 | 10-12 || total
-------------------------+-------+-------+-------+-------++-------
Melee: Unarmed           |   105 |    64 |   250 |   178 ||   597
Throw: Stone             |    79 |    43 |     9 |     9 ||   140
       Javelin           |       |    15 |    45 |    39 ||    99
       Large rock        |       |     2 |   102 |    19 ||   123
       Tomahawk          |       |       |     7 |     4 ||    11
Invok: Upheaval          |       |       |     1 |       ||     1
Evoke: Wand              |       |     1 |     5 |     9 ||    15
  Use: Potion            |     7 |     1 |     4 |     6 ||    18
       Scroll            |     3 |     1 |     3 |     5 ||    12
  Eat: Chunk             |    20 |    16 |    34 |    18 ||    88

Vault maps used:
D:1:      saegor_arrival_simple_a
D:2:      nicolae_overflow_hidden_temple
D:3:      first_bread, uniq_jessica
D:4:      minmay_temple_entry_junction
D:5:      guppyfry_shop_venom
D:6:      serial_shops, shop, uniq_sigmund
D:8:      erik_lair_dragon, the_bakery
D:9:      gammafunk_temple_overflow_elements
D:10:     erik_orc_4, uniq_nergalle, uniq_eustachio, uniq_psyche
Temple:   minmay_temple_curvy_14
